 Dungeon Crawl Stone Soup version 0.20.1-1-g8b1a95d66d (webtiles) character file.

182 Jynx the Changer (level 5, -2/40 HPs)
             Began as a Draconian Transmuter on Dec 27, 2017.
             Was an Initiate of Okawaru.
             Slain by a hobgoblin
             ... wielding a +0 club
              (4 damage)
             ... on level 3 of the Dungeon.
             The game lasted 00:05:22 (3243 turns).

Jynx the Changer (Draconian Transmuter)             Turns: 3243, Time: 00:05:22

Health: -2/40      AC:  5    Str: 13    XL:     5   Next: 34%
Magic:  6/9        EV: 12    Int: 13    God:    Okawaru [......]
Gold:   131        SH:  0    Dex: 12    Spells: 4/10 levels left

rFire    . . .     SeeInvis .     - Unarmed
rCold    . . .     Gourm    .   (no shield)
rNeg     . . .     Faith    .   (armour unavailable)
rPois    .         Spirit   .   (helmet restricted)
rElec    .         Reflect  .   (no cloak)
rCorr    .         Harm     .   (no gloves)
MR       .....                  (no boots)
Stlth    +.........             (no amulet)
Regen    0.2/turn               (no ring)
MPRegen  0.2/turn               (no ring)

@: appendage (expiring)
A: unfitting armour, horns 2, cold-blooded, AC +5
a: End Transformation, Renounce Religion


You were on level 3 of the Dungeon.
You worshipped Okawaru.
Okawaru was noncommittal.
You were very hungry.
You had grown temporary horns.
You visited 1 branch of the dungeon, and saw 3 of its levels.

You collected 131 gold pieces.

Inventory:

Missiles
 a - 49 arrows
Jewellery
 j - an uncursed amulet of regeneration {unknown}
Scrolls
 d - a scroll of identify
 f - a scroll of random uselessness {unknown}
 g - a scroll of remove curse
 h - a scroll of amnesia {unknown}
 i - a scroll of fear {unknown}
 l - 2 scrolls of immolation {unknown}
 n - a scroll of fog {unknown}
Potions
 q - a potion of heal wounds {unknown}
 r - a potion of flight {unknown}
Books
 b - a book of Changes

   Spells                             Type                      Level
   a - Beastly Appendage              Transmutation                1
   b - Sticks to Snakes               Transmutation                2
   c - Spider Form                    Transmutation/Poison         3
   d - Ice Form                       Ice/Transmutation            4
   e - Blade Hands                    Transmutation                5
Comestibles
 c - 5 bread rations
 m - a royal jelly
 o - a meat ration
 p - 4 fruits


   Skills:
 - Level 1.1 Fighting
 - Level 1.7 Dodging
 - Level 3.0 Unarmed Combat
 + Level 3.0 Spellcasting
 * Level 4.7 Transmutations
 + Level 1.2 Poison Magic


You had 4 spell levels left.
You knew the following spells:

 Your Spells              Type           Power        Failure   Level  Hunger
a - Beastly Appendage     Tmut           ##....       3%          1    #......
b - Sticks to Snakes      Tmut           ##......     4%          2    ##.....
c - Spider Form           Tmut/Pois      #.........   21%         3    ###....


Dungeon Overview and Level Annotations

Branches:
Dungeon (3/15)

Altars:
Cheibriados
Fedhas
Okawaru
Vehumet


Innate Abilities, Weirdness & Mutations

Your plain brown scales are hard. (AC +5)
You cannot fit into any form of body armour.
You are cold-blooded and may be slowed by cold attacks.
You have a pair of horns on your head.


Message History

You hit Jynx's ghost.
Jynx's ghost is heavily damaged.
Jynx's ghost misses you.
You hit Jynx's ghost.
Jynx's ghost is severely damaged.
Jynx's ghost hits you.
* * * LOW HITPOINT WARNING * * *
You barely miss Jynx's ghost.
Jynx's ghost is severely damaged.
Jynx's ghost hits you but does no damage.
You hit Jynx's ghost. You headbutt Jynx's ghost!
You destroy Jynx's ghost!
Okawaru accepts your kill.
Your Spellcasting skill increases to level 3!
Your Poison Magic skill increases to level 1!
You have reached level 5!
You closely miss the hobgoblin. The hobgoblin barely misses you.
You hit the hobgoblin but do no damage.
Your tail-slap misses the hobgoblin.
The hobgoblin hits you with a club.
You die...

..##.. #.#.# .#
.... #.#.# .#
..##.####(#.# .#
.[......(.#.#
#####.##)....#
..##.##.#####
#.##.#..# .
#.##..#.####....
###.@g..##.....#
##.#.##..#.####.#
##....##.#.##
#........#.#
##....####.#####.#
##.#.####.......#
#)#..h....####.#
#.#.####.## #h#.#
#.#


You could see a hobgoblin.

Vanquished Creatures
  The ghost of Jynx the Changer, an amateur DrTm of Okawaru (D:3)
  A hound (D:3)
  An ooze (D:2)
  A worm (D:1)
  2 dart slugs (D:1)
  A leopard gecko (D:1)
  2 ball pythons
  4 bats
  4 giant cockroaches
  9 goblins
  9 hobgoblins
  10 jackals
  2 quokkas
  3 frilled lizards
  7 kobolds
  8 rats
65 creatures vanquished.

Notes
Turn   | Place    | Note
-------+----------+-------------------------------------------
     0 | D:1      | Jynx the Draconian Transmuter began the quest for the Orb.
     0 | D:1      | Reached XP level 1. HP: 16/16 MP: 3/3
   157 | D:1      | Reached XP level 2. HP: 17/23 MP: 3/5
   408 | D:1      | Reached skill level 3 in Transmutations
   935 | D:1      | Learned a level 2 spell: Sticks to Snakes
   965 | D:1      | Reached XP level 3. HP: 28/28 MP: 6/6
  1872 | D:2      | Reached XP level 4. HP: 26/35 MP: 5/7
  1877 | D:2      | Reached skill level 4 in Transmutations
  1886 | D:2      | Learned a level 3 spell: Spider Form
  1988 | D:2      | Found a radiant altar of Vehumet.
  2005 | D:2      | Found an iron altar of Okawaru.
  2020 | D:2      | Became a worshipper of Warmaster Okawaru
  2090 | D:2      | Found a blossoming altar of Fedhas.
  2124 | D:2      | Found a snail-covered altar of Cheibriados.
  2521 | D:3      | Noticed Jynx's ghost (amateur DrTm)
  3221 | D:3      | HP: 1/35 [Jynx's ghost (2)]
  3239 | D:3      | HP: 1/35 [Jynx's ghost (3)]
  3241 | D:3      | Killed Jynx's ghost
  3241 | D:3      | Reached skill level 1 in Poison Magic
  3241 | D:3      | Reached XP level 5. HP: 2/40 MP: 6/9
  3243 | D:3      | Slain by a hobgoblin

Skill      XL: |  1  2  3  4 |
---------------+-------------+-----
Transmutations | 3 4 |  4.7
Spellcasting   | 3 |  3.0
Poison Magic   | 1 |  1.2
Fighting       | |  1.1
Dodging        | |  1.7
Unarmed Combat | |  3.0

Action                   |  1- 3 |  4- 6 || total
-------------------------+-------+-------++-------
Melee: Unarmed           |   173 |   108 ||   281
       Tailslap          |    15 |     9 ||    24
       Headbutt          |     7 |     1 ||     8
       Kick              |    11 |    18 ||    29
       Punch             |     2 |     1 ||     3
 Cast: Beastly Appendage |    20 |     9 ||    29
       Sticks to Snakes  |       |     2 ||     2
  Use: Scroll            |       |     3 ||     3
       Potion            |       |     2 ||     2
  Eat: Chunk             |     4 |     3 ||     7
Armor: Skin              |    51 |    36 ||    87
Dodge: Dodged            |   122 |    60 ||   182
